 Dungeon Crawl Stone Soup version 0.22.1-1-ga44c0e5 (webtiles) character file.

1440 Zebedee the Slinger (level 8, -11/39 HPs)
             Began as a Spriggan Arcane Marksman on Sept 29, 2018.
             Was an Initiate of Okawaru.
             Killed from afar by Harold (19 damage)
             ... with a harpoon shot
             ... on level 7 of the Dungeon.
             The game lasted 00:36:21 (8690 turns).

Zebedee the Slinger (Spriggan Arcane Marksman)      Turns: 8690, Time: 00:36:22

Health: -11/39     AC:  5    Str:  8    XL:     8   Next: 46%
Magic:  11/11      EV: 21    Int: 14    God:    Okawaru [......]
Gold:   203        SH:  0    Dex: 17    Spells: 6/10 levels left

rFire    . . .     SeeInvis +   a - +2 hunting sling (freeze)
rCold    . . .     Gourm    .   (shield restricted)
rNeg     . . .     Faith    .   e - +1 robe
rPois    .         Spirit   .   (helmet restricted)
rElec    .         Reflect  .   G - +1 cloak
rCorr    .         Harm     .   (gloves unavailable)
MR       +....     Clarity  +   (boots unavailable)
Stlth    ++........             (no amulet)
HPRegen  0.13/turn              (no ring)
MPRegen  0.12/turn              (no ring)

@: marked, very quick
A: very small, unfitting armour, talons 1, see invisible, clarity, herbivore,
speed 3, slow metabolism 2
a: Renounce Religion


You were on level 7 of the Dungeon.
You worshipped Okawaru.
Okawaru was noncommittal.
You were not hungry.

You visited 2 branches of the dungeon, and saw 8 of its levels.

You collected 353 gold pieces.
You spent 150 gold pieces at shops.

Inventory:

Hand Weapons
 a - a +2 hunting sling of freezing (weapon)
 b - a +0 trident of flaming
 g - a +0 hunting sling
 x - a +0 spear
Missiles
 d - 52 sling bullets (quivered)
 h - 68 arrows
 o - 274 stones
 t - 2 throwing nets
 w - 12 tomahawks
Armour
 e - a +1 robe (worn)
 j - a scarf of resistance
 u - a +0 buckler
 G - a +1 cloak (worn)
Wands
 m - a wand of paralysis (11)
 D - a wand of disintegration (10)
Scrolls
 c - 4 scrolls of remove curse
 k - 3 scrolls of blinking {unknown}
 l - a scroll of noise {unknown}
 p - 6 scrolls of identify
 v - 2 scrolls of teleportation {unknown}
 y - a scroll of fog {unknown}
 E - 2 scrolls of enchant weapon
 F - a scroll of magic mapping
 H - a scroll of amnesia
Potions
 i - 2 potions of magic
 n - 2 potions of brilliance
 q - a potion of degeneration {unknown}
 r - a potion of flight {unknown}
 s - a potion of heal wounds {unknown}
 z - a potion of berserk rage {unknown}
 A - 2 potions of haste {unknown}
 C - 2 potions of curing {unknown}
 I - 2 potions of agility {unknown}
 J - a potion of might {unknown}
Comestibles
 f - 6 rations


   Skills:
 + Level 2.8 Fighting
 - Level 4.0 Polearms
 * Level 8.6 Slings
 + Level 5.3 Dodging
 + Level 3.1 Stealth
 - Level 0.1 Shields
 - Level 1.5 Spellcasting
 - Level 4.1 Hexes


You had 6 spell levels left.
You knew the following spells:

 Your Spells              Type           Power        Failure   Level  Hunger
a - Corona                Hex            ##.....      4%          1    ##.....
b - Portal Projectile     Hex/Tloc       #.....       32%         3    ####...

Your spell library contained the following spells:

 Spells                   Type           Power        Failure   Level  Hunger
 Slow                     Hex            ##......     7%          2    ###....
 Beastly Appendage        Tmut           #.....       26%         1    ##.....
 Summon Small Mammal      Summ           #...         26%         1    ##.....
 Inner Flame              Hex/Fire       #.......     32%         3    ####...
 Summon Guardian Golem    Hex/Summ       #.......     32%         3    ####...
 Call Imp                 Summ           #.......     36%         2    ###....
 Sticks to Snakes         Tmut           #.......     36%         2    ###....
 Cause Fear               Hex            ##........   41%         4    #####..
 Call Canine Familiar     Summ           #.......     58%         3    ####...
 Spider Form              Tmut/Pois      #.........   58%         3    ####...
 Leda's Liquefaction      Hex/Erth       #.........   71%         4    #####..
 Ice Form                 Ice/Tmut       #.......     94%         4    #####..
 Summon Ice Beast         Ice/Summ       #.......     94%         4    #####..
 Summon Lightning Spire   Summ/Air       #.......     94%         4    #####..
 Blade Hands              Tmut           #.........   100%        5    ######.


Dungeon Overview and Level Annotations

Branches:
Dungeon (7/15)             Temple (1/1) D:5

Altars:
Ashenzari
Cheibriados
Dithmenos
Elyvilon
Gozag
Hepliaklqana
Nemelex Xobeh
Okawaru
Qazlal
Sif Muna
Trog
Uskayaw
Vehumet
Xom
Zin
The Shining One

Shops:
D:4 ([[[   D:6 *

Annotations:
D:1 exclusion: 2 downstairs
D:5 exclusion: downstairs
D:7 Harold


Innate Abilities, Weirdness & Mutations

You are very small and have problems with some larger weapons.
You are too small for most types of armour.
You have supernaturally acute eyesight. (SInv)
You are a herbivore.
You cover ground extremely quickly.
You need to consume almost no food.
You have sharp toenails.
You possess an exceptional clarity of mind.


Message History

You shoot a sling bullet. The sling bullet hits Harold.
The sling bullet freezes Harold.
Harold is almost dead.
No target in view!
No target in view!
No target in view!
Harold hits you from afar with a trident!!
Ouch! That really hurt!
* * * LOW HITPOINT WARNING * * *
Harold points at you and mumbles some strange words.
The mark upon you grows brighter.
Firing (i - inventory. (/) - cycle)
d - 53 sling bullets (quivered)
Press: ? - help, Shift-Dir - straight line, f/p - Harold
Aim: Harold, wielding a trident and wearing a chain mail (almost dead)
You shoot a sling bullet. The sling bullet hits Harold.
The sling bullet freezes Harold.
Harold is almost dead.
Harold points at you and mumbles some strange words.
The harpoon shot hits you!
You die...

#.#...####.........####...#####
#........'.........'...........
###.#...####.........####...#####
#.......# ##.......## #..##
#.#.###.# ##.....## #.##
#.#.###.# ##...## #.####
#.#.(.#.# ##'## #.##.## #.###.#.#
#.# #.#.#.## #.# #(#.#
#####@##### #..###.# #.###(#.#
#.........# ###.#.## #.....@.#
#....=....# ##.## #####.###
#.........# #.#
#.######...<.....# #.#
#.@...@..........#######.#
########.................#
#.........######### #.........#


You could see Harold.

Vanquished Creatures
  An orc warrior (D:7)
  A sky beast (D:7)
  2 ice beasts
  2 phantoms
  2 ogres
  A bullfrog (D:4)
  A gnoll sergeant (D:6)
  A scorpion (D:5)
  An orc priest (D:4)
  A centaur skeleton (D:4)
  5 orc wizards
  2 worker ants
  A hound zombie (D:5)
  A mummy (D:7)
  12 gnolls
  4 adders
  An ooze (D:3)
  An adder skeleton (D:7)
  2 worms
  4 dart slugs
  3 leopard geckos
  26 orcs
  10 bats
  4 giant cockroaches
  3 goblins
  4 hobgoblins
  9 jackals
  2 kobolds
  3 quokkas
  A ball python (D:3)
  6 frilled lizards
  4 hobgoblin zombies (D:7)
  A jackal skeleton (D:4)
  A leopard gecko skeleton (D:4)
  7 rats
130 creatures vanquished.

Notes
Turn   | Place    | Note
-------+----------+-------------------------------------------
     0 | D:1      | Zebedee the Spriggan Arcane Marksman began the quest for
                  | the Orb.
     0 | D:1      | Reached XP level 1. HP: 9/9 MP: 3/3
   190 | D:1      | Reached XP level 2. HP: 14/14 MP: 3/5
   700 | D:1      | Reached XP level 3. HP: 5/17 MP: 6/6
   964 | D:2      | Reached skill level 1 in Fighting
   972 | D:2      | Noticed an ogre
  1219 | D:2      | Reached skill level 1 in Stealth
  1246 | D:2      | Killed an ogre
  1246 | D:2      | Reached skill level 1 in Polearms
  1246 | D:2      | Reached skill level 3 in Slings
  1246 | D:2      | Reached XP level 4. HP: 22/22 MP: 7/7
  1685 | D:1      | Reached XP level 5. HP: 20/25 MP: 8/8
  3269 | D:3      | Noticed a phantom
  3340 | D:3      | Killed a phantom
  3340 | D:3      | Reached XP level 6. HP: 19/30 MP: 9/9
  3586 | D:3      | Gained mutation: You possess an exceptional clarity of
                  | mind. [potion of mutation]
  3586 | D:3      | Gained mutation: You have sharp toenails. [potion of
                  | mutation]
  4027 | D:4      | Reached skill level 5 in Dodging
  4111 | D:4      | Reached skill level 4 in Slings
  4155 | D:4      | Found Byquv's Armour Boutique.
  4210 | D:4      | Noticed an ice beast
  4290 | D:4      | Killed an ice beast
  4290 | D:4      | Reached XP level 7. HP: 34/34 MP: 10/10
  4376 | D:4      | Found Girah's Antique Weapon Shop.
  4433 | D:4      | Found Goxeam's Antique Armour Emporium.
  4441 | D:4      | Found Foxeamn's Armour Boutique.
  4904 | D:5      | Entered Level 5 of the Dungeon
  4979 | D:5      | Found a staircase to the Ecumenical Temple.
  4990 | Temple   | Entered the Ecumenical Temple
  5045 | Temple   | Became a worshipper of Warmaster Okawaru
  5567 | D:6      | Learned a level 3 spell: Portal Projectile
  5974 | D:5      | Reached skill level 5 in Slings
  6412 | D:6      | Reached skill level 6 in Slings
  6683 | D:6      | Found Yfall's Assorted Antiques.
  7074 | D:4      | Bought a runed cloak for 150 gold pieces
  7199 | D:7      | Reached XP level 8. HP: 39/39 MP: 11/11
  7470 | D:7      | Reached skill level 7 in Slings
  7507 | D:7      | Found a shimmering altar of Xom.
  7535 | D:7      | Reached * piety under Okawaru
  7742 | D:7      | Noticed Harold
  8443 | D:7      | Reached skill level 8 in Slings
  8690 | D:7      | Killed from afar by Harold

Skill      XL: |  1  2  3  4  5  6  7  8 |
---------------+-------------------------+-----
Hexes          | 4 |  4.1
Fighting       | 1 2 |  2.8
Stealth        | 1 2 3 |  3.1
Polearms       | 1 3 4 |  4.0
Slings         | 3 4 6 8 |  8.6
Dodging        | 4 5 |  5.3
Shields        | |  0.1
Spellcasting   | |  1.5

Action                   |  1- 3 |  4- 6 |  7- 9 || total
-------------------------+-------+-------+-------++-------
Melee: Spear             |   134 |   324 |       ||   458
       Trident           |       |   133 |    48 ||   181
       Kick              |       |       |     4 ||     4
 Fire: Hunting sling     |    13 |     5 |   301 ||   319
Invok: Heroism           |       |       |     3 ||     3
  Use: Scroll            |     3 |     8 |     3 ||    14
       Potion            |       |     1 |       ||     1
 Stab: Sleeping          |     2 |     2 |     3 ||     7
  Eat: Ration            |       |     1 |     2 ||     3
Armor: Robe              |    16 |    25 |     3 ||    44
Dodge: Dodged            |    91 |   202 |    65 ||   358
Block: Buckler           |       |    21 |       ||    21
